 Dungeon Crawl Stone Soup version 0.29.0-11-gd7f09526c8 (webtiles) character file.

Game seed: 17337552398890322615

329 Flugkiller the Chopper (level 6, -2/56 HPs)
             Began as a Minotaur Fighter on Sept 4, 2022.
             Slain by a hornet (10 damage)
             ... on level 5 of the Dungeon.
             The game lasted 00:02:02 (3706 turns).

Flugkiller the Chopper (Minotaur Fighter)           Turns: 3706, Time: 00:02:02

Health: -2/56      AC:  9    Str: 20    XL:     6   Next: 25%
Magic:  5/5        EV: 11    Int:  5    God:
Gold:   192        SH:  0    Dex: 12    Spells: 5/5 levels left

rFire   . . .      SeeInvis .   a - +0 war axe
rCold   . . .      Faith    .   r - orb {light}
rNeg    . . .      Spirit   .   w - +0 chain mail
rPois   .          Reflect  .   (helmet restricted)
rElec   .          Harm     .   (no cloak)
rCorr   .          Rampage  .   (no gloves)
Will    +....                   (no boots)
Stlth   ..........              (no amulet)
HPRegen 0.18/turn               v - +4 ring of evasion
MPRegen 0.09/turn               m - ring of willpower

@: mighty, lethally poisoned (-2 -> -5), slowed, glowing, very slow
A: horns 2, retaliatory headbutt
a: no special abilities


You were on level 5 of the Dungeon.
You visited 1 branch of the dungeon, and saw 5 of its levels.

You collected 192 gold pieces.

Inventory:

Hand Weapons
 a - a +0 war axe (weapon)
Missiles
 s - 2 boomerangs (quivered)
Armour
 c - a +0 buckler
 r - an orb of light (worn)
   (You found it on level 4 of the Dungeon)
 w - a +0 chain mail (worn)
   (You took it off an orc on level 3 of the Dungeon)
Jewellery
 f - a ring of protection from fire
   (You took it off a kobold on level 3 of the Dungeon)
 m - a ring of willpower (right hand)
   (You found it on level 2 of the Dungeon)
 v - a +4 ring of evasion (left hand)
   (You found it on level 1 of the Dungeon)
Wands
 h - a wand of mindburst (10)
   (You found it on level 2 of the Dungeon)
Scrolls
 b - a scroll of poison {unknown}
 k - a scroll of amnesia {unknown}
 l - a scroll of magic mapping
 n - a scroll of noise {unknown}
 t - 4 scrolls of teleportation
Potions
 e - a potion of invisibility
 g - 2 potions of heal wounds {unknown}
 i - a potion of magic {unknown}
 j - a potion of lignification {unknown}
 o - 2 potions of cancellation {unknown}
 p - a potion of flight {unknown}
 q - 3 potions of curing


   Skills:
 + Level 5.3 Fighting
 * Level 5.9 Axes
 + Level 5.2 Armour
 - Level 3.6 Shields


You had 5 spell levels left.
You didn't know any spells.
Your spell library was empty.

Dungeon Overview and Level Annotations

Branches:
Dungeon (5/15)
 Temple: D:4-7

Altars:
Qazlal
Uskayaw

Shops:
D:4 (

Annotations:
D:3 exclusion: goblin


Innate Abilities, Weirdness & Mutations

You have a pair of horns on your head.
You reflexively headbutt those who attack you in melee.


Message History

A quokka is nearby!
Found 2 scrolls of teleportation and 2 potions of curing.
A scorpion comes into view.
Found 8 stones.
Found a hide-covered altar of Uskayaw.
You slash the quokka!
You kill the quokka!
An iguana comes into view.
The iguana hisses angrily.
You see here a quokka corpse.
You hit the scorpion but do no damage. The scorpion barely misses you.
You furiously retaliate!
You headbutt the scorpion, but do no damage.
The scorpion stings you but does no damage.
You hit the scorpion but do no damage.
You headbutt the scorpion, but do no damage.
The scorpion stings you.
The scorpion stings you but does no damage.
You hit the scorpion.
The scorpion is lightly wounded.
The scorpion stings you but does no damage.
You slash the scorpion! Your headbutt misses the scorpion.
The scorpion is heavily wounded.
You hit the iguana. The scorpion barely misses you. You furiously retaliate!
You headbutt the scorpion. The iguana misses you. You furiously retaliate!
You headbutt the iguana, but do no damage.
The scorpion stings you but does no damage.
You slash the scorpion!
You kill the scorpion!
You barely miss the iguana. The iguana closely misses you.
You furiously retaliate!
You headbutt the iguana, but do no damage.
You have reached level 6!
You hit the iguana but do no damage.
The iguana is moderately wounded.
The iguana barely misses you. You furiously retaliate!
You headbutt the iguana. You slash the iguana!
The iguana is almost dead.
The iguana closely misses you. You furiously retaliate!
You headbutt the iguana.
You kill the iguana!
No target in view!
No target in view!
No target in view!
No target in view!
No target in view!
No target in view!
HP restored.
t - 4 scrolls of teleportation (gained 2)
q - 3 potions of curing (gained 2)
You open the door.
A hornet comes into view.
The hornet buzzes angrily.
Found a short sword.
Found an escape hatch in the ceiling.
A hornet is nearby!
A hornet is nearby!
A hornet is nearby!
You slash the hornet! Your headbutt misses the hornet.
The hornet is moderately wounded.
The hornet stings you.
You feel yourself slow down.
The hornet stings you but does no damage.
Unknown command.
Enter note: asdgfsd Unknown command.
You feel very mighty all of a sudden.
You feel yourself speed up. The hornet closely misses you.
The hornet stings you!
You feel yourself slow down.
Unknown command.
You hit the hornet. Your headbutt misses the hornet.
The hornet is heavily wounded.
The hornet stings you!
You feel as though you will be slow longer.
The hornet completely misses you. The hornet stings you.
You feel as though you will be slow longer.
You hit the hornet but do no damage.
The hornet is heavily wounded.
The hornet barely misses you. The hornet misses you.
The hornet completely misses you. You furiously retaliate!
You headbutt the hornet, but do no damage.
You barely miss the hornet. Your headbutt misses the hornet.
The hornet is moderately wounded.
The hornet stings you but does no damage.
The hornet stings you!
You are poisoned.
You feel as though you will be slow longer.
Unknown command.
You slash the hornet!
The hornet is severely wounded.
You feel very sick.
The hornet stings you but does no damage. x2
The hornet stings you!
* * * LOW HITPOINT WARNING * * *
You feel as though you will be slow longer.
Unknown command.
You closely miss the hornet.
The hornet is severely wounded.
You feel sick. The hornet misses you. You furiously retaliate!
You headbutt the hornet!
The hornet stings you but does no damage.
The hornet stings you!
You die...

###### #....#
#....+ #..<.# ..
....# .#### ..)
.... .#y#
...###.#@#
..#<#.#.#
#.#.#.#.#
###.#.#.#.#
#.....#.#.#
##..#...#.######
#.......#......###
#...#.#.#.####...#
#..####.†........#


You could see a hornet.

Vanquished Creatures
  A scorpion (D:5)
  An orc priest (D:2)
  An iguana (D:5)
  3 orc wizards
  2 adders
  5 worms
  20 orcs
  6 ball pythons
  8 bats
  6 endoplasms
  3 giant cockroaches
  10 goblins
  7 hobgoblins
  3 jackals (D:1)
  14 kobolds
  4 quokkas
  4 frilled lizards
  3 rats
101 creatures vanquished.

Vanquished Creatures (others)
  An orc (D:3)
  33 plants (D:3)
34 creatures vanquished.

Grand Total: 135 creatures vanquished

Notes
Turn   | Place    | Note
-------+----------+-------------------------------------------
     0 | D:1      | Flugkiller the Minotaur Fighter began the quest for the
                  | Orb.
     0 | D:1      | Reached XP level 1. HP: 19/19 MP: 0/0
   172 | D:1      | Reached XP level 2. HP: 27/27 MP: 1/1
   377 | D:1      | Found a faded altar of an unknown god.
   670 | D:2      | Reached XP level 3. HP: 29/33 MP: 2/2
  1082 | D:2      | Reached XP level 4. HP: 34/41 MP: 3/3
  1781 | D:3      | Reached XP level 5. HP: 43/47 MP: 4/4
  1870 | D:3      | Reached skill level 5 in Axes
  2238 | D:3      | Reached skill level 5 in Fighting
  2876 | D:4      | Found a stormy altar of Qazlal.
  2970 | D:4      | Found Weffit's Antique Weapon Emporium.
  3008 | D:4      | Reached skill level 5 in Armour
  3647 | D:5      | Entered Level 5 of the Dungeon
  3654 | D:5      | Found a hide-covered altar of Uskayaw.
  3663 | D:5      | Reached XP level 6. HP: 53/56 MP: 5/5
  3699 | D:5      | Noticed a hornet
  3701 | D:5      | asdgfsd
  3706 | D:5      | Slain by a hornet

Illustrated notes

###### #....#
#....+ #..<.# ..
....# .#### ..)
.... .#y#
...###.#@#
..#<#.#.#
#.#.#.#.#
###.#.#.#.#
#.....#.#.#
##..#...#.######
#.......#......###
#...#.#.#.####...#
#..####.†........#


Turn 3701 on D:5: asdgfsd

Levels and vault maps discovered:
D:1:      dpeg_arrival_prison, layout_basic,
          shapermc_ecumenical_altar_acropolis, grunt_decor_arrowhead,
          hex_intersection
D:2:      cheibrodos_pilgrimage, layout_basic
D:3:      layout_rooms, serial_bayou, serial_bayou_lagoon_b,
          serial_bayou_lake_a, serial_bayou_shore_b, serial_bayou_pond_d,
          minmay_goblin_outpost
D:4:      layout_basic, nicolae_qazlal_eye_of_the_storm, serial_shops,
          nicolae_shop_advertising_works [nicolae_subvault_shop_adworks]
D:5:      layout_basic, nicolae_vehumet_altar_sigil, nicolae_uskayaw_dance_hall

Skill      XL: |  1  2  3  4  5 |
---------------+----------------+-----
Axes           | 3 4 5 |  5.9
Fighting       | 4 5 |  5.3
Armour         | 4 5 |  5.2
Shields        | |  3.6

Action                   |  1- 3 |  4- 6 || total
-------------------------+-------+-------++-------
Melee: War axe           |    72 |   142 ||   214
       Headbutt          |     7 |    20 ||    27
  Use: Scroll            |       |     5 ||     5
       Potion            |       |     1 ||     1
Armor: Scale mail        |    29 |    31 ||    60
       Chain mail        |       |    16 ||    16
Dodge: Dodged            |    69 |   108 ||   177
Block: Buckler           |    19 |    23 ||    42
